wizbiz, neutral female human Wizard --. |... ----|..... ---..--^.-... -.............. ............... -.|III......... ---%I.... ... --.. . ... .<. .-- wizbiz the Thaumaturge Experience level: 7 Strength: 11 Dexterity: 11 Constitution: 17 Intelligence: 18 Wisdom: 14 Charisma: 10 Health: 0(56) Energy: 81(81) Def: 2 Gold: 497 Moves: 5476 Dungeon seed: 80cAsMgh9KGF0vtG Game ID: wizbiz_1526950370 Your Inventory: Coins $ - 497 gold pieces Weapons a - 11 +0 crossbow bolts t - 5 cursed -2 crossbow bolts w - a cursed -1 elven dagger B - 12 +0 darts C - 3 +0 daggers G - a +0 elven dagger H - a +3 dagger N - 2 blessed +1 daggers T - the rustproof +0 Frost Brand (weapon in hand) V - 11 cursed +0 crossbow bolts Armor e - an uncursed +0 cloak of magic resistance (being worn) q - an uncursed -1 pair of levitation boots z - an uncursed +0 orcish helm (being worn) Comestibles x - 2 uncursed food rations F - an uncursed tin of kobold meat Z - an uncursed tin of floating eye meat Scrolls i - an uncursed scroll of magic mapping k - an uncursed scroll of confuse monster p - 3 uncursed scrolls of blank paper v - an uncursed scroll of light K - an uncursed scroll of genocide X - a blessed scroll of identify Potions f - 2 uncursed potions of water g - an uncursed potion of confusion o - a blessed potion of levitation O - a cursed potion of monster detection Q - an uncursed potion of object detection Rings c - an uncursed ring of teleport control d - an uncursed ring of polymorph control M - an uncursed ring of levitation Y - an uncursed ring of teleport control Wands b - a wand of cold (0:5) r - a wand of probing (0:4) A - a wand of fire (0:6) J - a wand of cold (0:4) Tools l - 11 cursed tallow candles (0:200) n - an uncursed blindfold u - a cursed tallow candle (0:200) D - a cursed partly used tallow candle (0:131) E - an uncursed lock pick Gems m - an uncursed topaz stone s - an uncursed fluorite stone y - an uncursed worthless piece of orange glass W - an uncursed worthless piece of white glass Spells and supernatural/magical abilities: Name Level Category Fail Memory a - force bolt 1 attack 0% 73% h - healing 1 healing 0% 83% l - light 1 divination 0% 84% v - clairvoyance 3 divination 86% 81% K - cure sickness 3 healing 86% 89% L - levitation 4 escape 100% 81% O - create monster 2 clerical 59% 73% W - pray for help -- divine ? -- Your skills at the end: Fighting Skills Weapon Skills long sword [Basic] quarterstaff [Basic] Spellcasting Skills attack spells [Basic] enchantment spells [Basic] Final Attributes: You were piously aligned. You were cold resistant. You were sleep resistant. You were poison resistant. You were magic-protected. You were blinded. You saw invisible. You were invisible to others. Thoth was angry with you. You are dead. Vanquished creatures: a small mimic a tengu a pit viper a leprechaun a gnome king a dust vortex a gnome mummy a snake a fire ant an imp a water nymph a mountain nymph 2 rock piercers a rock mole a shrieker 2 gnome lords 2 elf zombies a paper golem 4 giant ants a little dog 2 dwarves 4 homunculi 2 hill orcs a rothe 2 centipedes 3 orc zombies a werejackal 3 iguanas 9 killer bees an acid blob 5 hobbits 4 manes 2 hobgoblins a giant rat a yellow mold 5 gnomes 2 garter snakes 4 geckos 6 jackals a fox 2 kobolds 2 goblins 4 grid bugs 5 lichens a kobold zombie 9 newts 108 creatures vanquished. Voluntary challenges: You used a wielded weapon 125 times, starting on turn 53. You read items or engraved 31 times, starting on turn 1569. You never genocided any monsters. You never polymorphed an object. You never changed form. You used no wishes. You never split a pudding. You wrote Elbereth's name 1 time, starting on turn 4323. You violated your moral code, losing 24 points of alignment, starting on turn 1866. Dungeon overview: The Dungeons of Doom: levels 1 to 6 Level 1 a fountain a long staircase Level 2 a delicatessen, an altar to Ptah Level 3 Level 4 an altar to Thoth stairs to The Gnomish Mines Level 5 (vault) a sink Level 6 (vault) The Gnomish Mines: levels 5 to 6 Level 5 stairs to The Dungeons of Doom Level 6 <- You were here History has recorded: On T:1 you entered the Dungeons of Doom to retrieve the Amulet of Yendor! On T:120 you reached level 2 of The Dungeons of Doom. On T:262 you advanced to experience level 2. On T:528 you reached level 3 of The Dungeons of Doom. On T:850 you advanced to experience level 3. On T:1196 you reached level 4 of The Dungeons of Doom. On T:1394 you advanced to experience level 4. On T:1807 you reached level 1 of The Gnomish Mines. On T:2266 you reached level 5 of The Dungeons of Doom. On T:2361 you advanced to experience level 5. On T:2724 you reached level 6 of The Dungeons of Doom. On T:3912 you advanced to experience level 6. On T:4244 you received Magicbane from Thoth. On T:4625 you received Frost Brand from Thoth. On T:4980 you advanced to experience level 7. On T:5373 you reached level 2 of The Gnomish Mines. Score breakdown: Gold: 497 ( 9175 points) Experience: 7 levels (13645 points) Exploration: 6 levels ( 12.77%) ( 9890 points) Discoveries: 9 items ( 3.14%) ( 5312 points) Valuables value: (no points given unless you survive) Artifact value: 3000 (11828 points) Variety of kills: 46 monsters ( 12.07%) (10424 points) Turncount: 5476 turns (-1488 points) Survival: died (score multiplied by 80%) Total score: 47028 Latest messages: It bites! You hit it. It misses. It bites! You kill it! You attack thin air. H - a dagger. You try to feel what is lying here on the floor. There are a few more objects here. You resume your meal. You stop eating. It bites! You miss it. It bites! You kill it! It hits! It bites! You write in the dust with your fingers. It bites! (2x) It hits! You have a peculiar feeling for a moment, then it passes. It bites! (2x) You die... Final status: Goodbye wizbiz the Wizard, killed by a giant ant... You died in The Gnomish Mines on dungeon level 6 with 47028 points, and 497 pieces of gold, after 5476 moves. You were level 7 with a maximum of 56 hit points when you died.